 Dungeon Crawl Stone Soup version 0.23.2 (webtiles) character file.

Game seed: 9495192645368840368

121 Grim the Sneak (level 5, 0/24 HPs)
             Began as a Vine Stalker Enchanter on Apr 13, 2019.
             Slain by an orc
             ... wielding a +0 war axe
              (5 damage)
             ... on level 3 of the Dungeon.
             The game lasted 00:08:05 (3275 turns).

Grim the Sneak (Vine Stalker Enchanter)             Turns: 3275, Time: 00:08:06

Health: 0/24       AC:  2    Str: 10    XL:     5   Next: 5%
Magic:  0/9        EV: 12    Int: 16    God:
Gold:   153        SH:  0    Dex: 15    Spells: 5/8 levels left

rFire    . . .     SeeInvis .   a - +1 dagger
rCold    . . .     Gourm    .   (no shield)
rNeg     . . .     Faith    .   b - +0 robe
rPois    .         Spirit   +   (no helmet)
rElec    .         Reflect  .   (no cloak)
rCorr    .         Harm     .   (no gloves)
MR       .....     Rnd*Tele +   (no boots)
Stlth    ++........             (no amulet)
HPRegen  0.48/turn              q - ring of teleportation (curse)
MPRegen  0.11/turn              (no ring)

@: no status effects
A: fangs 2, regeneration 1, magic shield, antimagic bite, no potion heal 3, rot
immunity
a: no special abilities


You were on level 3 of the Dungeon.
You were not hungry.

You visited 1 branch of the dungeon, and saw 3 of its levels.

You collected 153 gold pieces.

Inventory:

Hand Weapons
 a - a +1 dagger (weapon)
 i - a +2 vampiric dagger
Armour
 b - a +0 robe (worn)
Jewellery
 q - a cursed ring of teleportation (left hand)
 v - an uncursed ring of ice {unknown}
Scrolls
 c - 2 scrolls of amnesia {unknown}
 f - a scroll of blinking {unknown}
 h - 4 scrolls of remove curse {unknown}
 k - 2 scrolls of teleportation {unknown}
 r - 2 scrolls of identify {unknown}
 s - 2 scrolls of enchant armour {unknown}
Potions
 d - a potion of berserk rage {unknown}
 e - a potion of degeneration {unknown}
 g - 2 potions of heal wounds {unknown}
 j - a potion of mutation {unknown}
 l - a potion of agility {unknown}
 m - 2 potions of might {unknown}
 n - 2 potions of cancellation {unknown}
 p - a potion of brilliance {unknown}
 t - a potion of magic {unknown}
 u - 2 potions of flight {unknown}
Comestibles
 o - a chunk of flesh


   Skills:
 - Level 2.5 Short Blades
 - Level 1.5 Dodging
 - Level 3.6 Stealth
 - Level 2.1 Spellcasting
 + Level 3.6 Hexes
 * Level 2.8 Ice Magic


You had 5 spell levels left.
You knew the following spells:

 Your Spells              Type           Power        Failure   Level  Hunger
a - Corona                Hex            ##.....      4%          1    #......
b - Ensorcelled Hibernat  Hex/Ice        ##....       9%          2    ###....

Your spell library contained the following spells:

 Spells                   Type           Power        Failure   Level  Hunger
 Confuse                  Hex            ##......     14%         3    ###....
 Tukima's Dance           Hex            ##......     14%         3    ###....
 Dazzling Spray           Conj/Hex       #.....       28%         3    ###....


Dungeon Overview and Level Annotations

Branches:
Dungeon (3/15)

Altars:


Innate Abilities, Weirdness & Mutations

You have extremely sharp teeth.
Your natural rate of healing is unusually fast.
When hurt, damage is shared between your health and your magic reserves.
Your bite disrupts and absorbs the magic of your enemies.
Potions cannot restore your health.
You are immune to rotting.


Message History

The orc hits you with a +0 war axe.
* * * LOW HITPOINT WARNING * * *
You hit the orc.
The orc is almost dead.
The orc hits you with a +0 war axe.
* * * LOW HITPOINT WARNING * * *
You hit the orc.
You kill the orc!
Casting: Corona (safe; 4% risk of failure)
Confirm with . or Enter, or press ? or * to list all spells.
Okay, then.
Casting: Corona (safe; 4% risk of failure)
Confirm with . or Enter, or press ? or * to list all spells.
Aiming: Ensorcelled Hibernation (safe; 9% risk of failure)
Press: ? - help, Shift-Dir - straight line, f - orc
Aim: an orc, wielding a +0 war axe and wearing a +0 leather armour (chance to defeat MR: 61%)
The orc resists with significant effort.
The orc barely misses you.
You open the door. The orc hits you with a +0 war axe.
You die...

......
....#
....#
... ...
#.#
###'####
#..@...#
#[.o...#
#......#
###.####
#)# #...
#.#
#[.)#
#.#
#....
#.#
...r##.#
.


You could see an orc.

Vanquished Creatures
  6 adders
  An ooze (D:2)
  A worm (D:3)
  A dart slug (D:1)
  2 orcs (D:3)
  A ball python (D:1)
  3 giant cockroaches
  10 goblins
  5 hobgoblins
  3 jackals (D:1)
  6 kobolds
  2 quokkas (D:2)
  4 bats
  3 frilled lizards
  6 rats
54 creatures vanquished.

Notes
Turn   | Place    | Note
-------+----------+-------------------------------------------
     0 | D:1      | Grim the Vine Stalker Enchanter began the quest for the
                  | Orb.
     0 | D:1      | Reached XP level 1. HP: 9/9 MP: 4/4
    40 | D:1      | Reached skill level 1 in Short Blades
   473 | D:1      | Reached XP level 2. HP: 13/13 MP: 4/6
   749 | D:1      | Learned a level 2 spell: Ensorcelled Hibernation
  1216 | D:1      | Reached XP level 3. HP: 16/16 MP: 7/7
  1398 | D:2      | Reached skill level 1 in Ice Magic
  2334 | D:2      | Gained mutation: Your natural rate of healing is unusually
                  | fast. [Vine Stalker growth]
  2334 | D:2      | Reached XP level 4. HP: 21/21 MP: 5/8
  3059 | D:2      | Found a faded altar of an unknown god.
  3259 | D:3      | Reached XP level 5. HP: 13/24 MP: 3/9
  3275 | D:3      | Slain by an orc

Skill      XL: |  1  2  3  4 |
---------------+-------------+-----
Short Blades   | 1 2 |  2.5
Ice Magic      | 1 2 |  2.8
Dodging        | |  1.5
Stealth        | |  3.6
Spellcasting   | |  2.1
Hexes          | |  3.6

Action                   |  1- 3 |  4- 6 || total
-------------------------+-------+-------++-------
Melee: Dagger            |    98 |    82 ||   180
       Bite              |    21 |    14 ||    35
 Cast: Corona            |    27 |     9 ||    36
       Ensorcelled Hiber |    12 |    11 ||    23
 Stab: Sleeping          |    11 |     6 ||    17
  Eat: Ration            |     1 |     1 ||     2
       Chunk             |     2 |     4 ||     6
Armor: Robe              |    19 |    13 ||    32
Dodge: Dodged            |    58 |    60 ||   118
